Map: Ley Lines

Players

AkiThePope - Winner!

  • Race: Zerg Zerg
  • League: Diamond
  • Spawn Location: 1:00

MrGreen

  • Race: Terran Terran
  • League: Diamond
  • Spawn Location: 7:00

VOD

Have the link to the VOD?

Description

Time

  • Played on: June 11, 2025, 5:36 p.m.
  • Length: 13:59
Show
View Real Time Build Order
Export as new Build Order

AkiThePope Zerg - Winner!

Build Orders: Hatch First 

Get SALT Encoding   

  12  0:06  Drone  
  13  0:08  Drone  
  13  0:14  Drone, Extractor  
  15  0:37  Hatchery  
  14  0:44  Extractor  
  14  0:45  Drone  
  15  0:55  Extractor  
  14  0:58  Spawning Pool  
  14  1:01  Drone  
  14  1:10  Overlord  
  14  1:29  Drone x3  
  17  1:45  Queen  
  19  1:51  Queen  
  21  2:00  Zergling x2  
  22  2:03  Drone  
  23  2:09  Drone x3  
  26  2:26  Drone x2  
  28  2:39  Overlord, Roach Warren  
  28  2:40  Overlord  
  27  2:49  Lair  
  27  2:54  Drone  
  28  3:13  Drone x3  
  28  3:17  Overlord  
  31  3:37  Roach x8  
  47  3:47  Glial Reconstitution  
  47  3:50  Overlord x2  
  47  3:57  Zergling x6  
  50  4:23  Zergling x18  
  59  4:30  Ravager  
  57  4:54  Drone  
  57  4:55  Drone x7  
  65  5:02  Ravager  
  54  5:19  Metabolic Boost  
  39  5:38  Hatchery  
  37  5:43  Drone x6, Extractor x2  
  37  5:49  Extractor  
  40  6:01  Overseer  
  40  6:09  Roach  
  40  6:10  Roach x2  
  46  6:16  Drone x2  
  46  6:18  Drone x3  
  51  6:20  Hatchery, Drone  
  51  6:22  Drone x3  
  54  6:37  Hatchery  
  54  6:38  Baneling Nest  
  52  6:57  Queen, Drone  
  55  7:06  Drone x5  
  60  7:13  Evolution Chamber  
  60  7:15  Spire, Evolution Chamber  
  57  7:17  Roach x8  
  57  7:19  Overlord x3  
  73  7:24  Drone  
  74  7:32  Overlord x2  
  74  7:41  Overseer  
  74  7:44  Queen  
  74  7:45  Drone x2  
  74  7:46  Hatchery  
  77  7:53  Hatchery  
  77  7:55  Drone x6  
  77  7:56  Drone  
  83  8:02  Zerg Missile Weapons Level 1  
  83  8:03  Zergling x4  
  83  8:10  Zerg Ground Armor Level 1  
  83  8:22  Drone x3  
  83  8:23  Drone x3  
  83  8:26  Spine Crawler  
  88  8:28  Spore Crawler, Spine Crawler  
  74  9:00  Drone  
  75  9:05  Mutalisk  
  75  9:06  Mutalisk x8  
  93  9:17  Zergling x26  
  93  9:20  Centrifugal Hooks  
  100  9:25  Drone  
  100  9:26  Drone  
  100  9:29  Drone x3  
  105  9:31  Drone  
  105  9:32  Drone  
  107  9:41  Drone x5  
  112  9:53  Overlord x2  
  112  9:54  Roach x2  
  99  10:40  Roach x23, Zergling x2  
  132  11:04  Zergling x2  
  132  11:05  Zergling x30  
  140  11:16  Zergling x22  
  139  11:25  Extractor  
  138  11:29  Baneling  
  138  11:30  Baneling x23  
  138  11:46  Overseer  
  87  12:38  Roach x12  
  87  12:39  Roach x18  
  137  12:46  Drone  
  137  12:48  Queen  
  137  12:50  Drone  
  141  12:53  Baneling  
  141  12:54  Baneling x13  
  139  13:18  Baneling  
  139  13:19  Baneling x7  
  139  13:23  Drone x6  
  139  13:26  Unknown  
  144  13:29  Drone x2  
  144  13:31  Overlord x5  
Show
View Real Time Build Order
Export as new Build Order

MrGreen Terran 

Build Orders: 2 Factory, Reaper Expand, Mech 

Get SALT Encoding   

  12  0:00  SCV  
  13  0:12  SCV  
  14  0:17  Supply Depot  
  14  0:24  SCV  
  15  0:38  SCV  
  15  0:41  Barracks  
  16  0:44  Refinery  
  16  0:50  SCV  
  17  1:04  SCV  
  18  1:16  SCV  
  19  1:28  Reaper  
  19  1:29  Orbital Command  
  20  1:43  Command Center  
  20  1:57  SCV  
  21  2:02  Marine  
  21  2:03  Supply Depot  
  22  2:08  Factory  
  22  2:11  SCV  
  23  2:24  Barracks Reactor  
  23  2:25  SCV  
  24  2:37  SCV  
  24  2:41  Refinery  
  25  2:49  SCV  
  26  3:01  SCV  
  29  3:06  Hellion x2  
  29  3:08  Barracks Tech Lab  
  31  3:12  Factory  
  31  3:13  Orbital Command  
  31  3:16  SCV  
  34  3:28  SCV  
  33  3:35  Bunker  
  33  3:40  SCV  
  34  3:42  Marine x2  
  34  3:43  Siege Tank  
  39  3:50  SCV  
  39  3:52  SCV  
  41  4:01  Factory Tech Lab  
  41  4:04  SCV  
  41  4:06  Bunker  
  41  4:07  SCV  
  43  4:11  Marine x2  
  45  4:19  Supply Depot  
  45  4:29  Marine  
  46  4:38  Marine  
  46  4:41  Siege Tank  
  37  5:03  SCV x2  
  37  5:05  Marine x2  
  30  5:15  SCV x2  
  25  5:26  Marine  
  25  5:27  Marine, SCV x2  
  28  5:29  Supply Depot  
  28  5:30  Siege Tank x2  
  31  5:39  SCV x2  
  33  5:51  SCV  
  33  5:52  SCV  
  35  5:59  Engineering Bay  
  35  6:03  SCV  
  36  6:07  Cyclone  
  39  6:18  SCV x2  
  41  6:21  Marine  
  42  6:30  SCV x2, Refinery  
  48  6:32  Hellion  
  48  6:33  Hellion  
  48  6:39  Marine  
  49  6:42  SCV x2  
  49  6:44  Supply Depot x2  
  51  6:49  Hellion  
  53  6:57  Marine  
  54  7:05  Hellion x2, SCV x2  
  60  7:11  Hellion, Armory  
  62  7:17  SCV x2  
  64  7:27  Hellion  
  66  7:34  Hellion x2  
  70  7:44  Command Center  
  70  7:52  Supply Depot  
  70  7:53  Supply Depot  
  70  7:55  Factory  
  70  8:14  Hellion x2, SCV, Cyclone  
  70  8:15  SCV  
  79  8:26  SCV  
  80  8:27  SCV  
  81  8:38  SCV  
  81  8:39  SCV  
  83  8:46  Cyclone  
  82  8:49  Hellion x2  
  86  8:56  SCV x2  
  86  8:58  Siege Tank  
  91  9:04  Supply Depot x2  
  91  9:08  Command Center  
  91  9:10  Hellion  
  91  9:18  Cyclone  
  91  9:23  SCV x2  
  96  9:31  Command Center  
  96  9:37  Orbital Command  
  96  9:39  SCV x2  
  96  9:44  Hellion  
  100  9:50  Siege Tank  
  100  9:51  SCV x2  
  100  9:52  Hellion  
  107  10:03  SCV  
  107  10:04  SCV  
  107  10:05  SCV  
  99  10:15  SCV  
  99  10:16  SCV  
  99  10:17  SCV  
  98  10:22  Siege Tank  
  98  10:28  SCV x2  
  99  10:29  Cyclone  
  99  10:31  Hellion  
  92  10:43  Engineering Bay  
  81  11:00  SCV x2  
  83  11:05  Cyclone  
  83  11:06  Hellion x3  
  83  11:12  SCV  
  83  11:13  SCV  
  83  11:17  Missile Turret, SCV  
  82  11:25  SCV x2  
  84  11:30  SCV, Factory Tech Lab  
  85  11:37  SCV x2, Cyclone  
  85  11:39  Missile Turret  
  85  11:42  Barracks, SCV  
  83  11:49  SCV x2  
  83  11:54  SCV  
  83  12:01  SCV x2  
  68  12:02  Orbital Command  
  68  12:06  SCV  
  65  12:13  SCV  
  38  12:26  SCV x2  
  32  12:37  SCV x2  
  32  12:38  SCV  
  32  12:39  SCV  
  35  12:49  SCV  
  35  12:50  SCV  
  38  12:52  Hellion x4  
  38  12:54  Orbital Command  
  45  13:02  SCV  
  46  13:05  Engineering Bay  
  46  13:13  Hellion, Widow Mine  
  46  13:14  Hellion, Widow Mine  
  46  13:15  SCV  
Tags
 
Add a new tag
Caveats
  • Supply blocks, unpowered buildings, or Contaminate may cause inaccurate times.
  • Supply counts are checked every 10 seconds.